 Dungeon Crawl Stone Soup version 0.27.1 (webtiles) character file.

Game seed: 7570988597113232173

31 ZARRMARR the Ruffian (level 3, -4/28 HPs)
             Began as a Draconian Transmuter on Aug 28, 2021.
             Slain by Sigmund (16 damage)
             ... on level 2 of the Dungeon.
             The game lasted 00:05:38 (744 turns).

ZARRMARR the Ruffian (Draconian Transmuter)          Turns: 744, Time: 00:05:39

Health: -4/28      AC:  5    Str: 12    XL:     3   Next: 7%
Magic:  5/6        EV: 12    Int: 14    God:
Gold:   63         SH:  0    Dex: 11    Spells: 5/6 levels left

rFire    . . .     SeeInvis .     - Unarmed
rCold    . . .     Faith    .   (no shield)
rNeg     . . .     Spirit   .   (armour unavailable)
rPois    .         Reflect  .   (helmet currently unavailable)
rElec    .         Harm     .   (no cloak)
rCorr    .         Rampage  .   (no gloves)
Will     +....                  (boots currently unavailable)
Stlth    +.........             (no amulet)
HPRegen  0.09/turn              b - ring of flight
MPRegen  0.10/turn              d - ring of willpower

@: appendages (expiring), flying
A: horns 2, talons 2, AC +5, unfitting armour, cold-blooded
a: End Transformation


You were on level 2 of the Dungeon.
You had temporarily grown beastly horns and talons.
You visited 1 branch of the dungeon, and saw 2 of its levels.

You collected 63 gold pieces.

Inventory:

Missiles
 a - 3 javelins (quivered)
Jewellery
 b - a ring of flight (left hand)
 d - a ring of willpower (right hand)
Potions
 e - a potion of brilliance {unknown}


   Skills:
 - Level 1.1 Fighting
 - Level 1.7 Dodging
 + Level 4.0 Unarmed Combat
 - Level 2.0 Spellcasting
 + Level 2.3 Transmutations


You had 5 spell levels left.
You knew the following spells:

 Your Spells              Type           Power      Damage    Failure   Level
a - Beastly Appendage     Tmut           16%        N/A       9%          1

Your spell library contained the following spells:

 Spells                   Type           Power      Damage    Failure   Level
 Wereblood                Tmut           8%         N/A       14%         2
 Spider Form              Tmut/Pois      2%         N/A       41%         3
 Gell's Gravitas          Tloc           0%         N/A       56%         3
 Lesser Beckoning         Tloc           0%         N/A       56%         3
 Teleport Other           Tloc           1%         N/A       56%         3
 Ice Form                 Ice/Tmut       4%         N/A       82%         4
 Summon Lightning Spire   Summ/Air       1%         N/A       93%         4
 Storm Form               Tmut/Air       2%         N/A       100%        7
 Maxwell's Capacitive Co  Air            0%         ∞         100%        8


Dungeon Overview and Level Annotations

Branches:
Dungeon (2/15)

Altars:

Annotations:
D:2 Sigmund


Innate Abilities, Weirdness & Mutations

You have temporarily grown beastly horns and talons.
Your plain brown scales are hard. (AC +5)
You cannot fit into any form of body armour.
You are cold-blooded and may be slowed by cold attacks.


Message History

Unknown command.
Throw: 4 javelins
Press: ? - help, Q - select action, (/) - cycle Shift-Dir - straight line, f/p - Sigmund
Aim: Sigmund, wielding a +3 scythe and wearing a +1 robe of fire resistance (50% to hit)
You throw a javelin. The javelin pierces through Sigmund!
Sigmund is moderately wounded.
Sigmund misses you.
Casting: Beastly Appendage (safe; 9% risk of failure)
Confirm with . or Enter, or press ? or * to list all spells.
You grow a pair of large bovine horns.
Your feet morph into talons.
Your transformation is almost over.
Sigmund points at you and mumbles some strange words.
The puff of flame hits you!
You closely miss Sigmund. Your kick misses Sigmund.
Sigmund is moderately wounded.
Sigmund closely misses you.
You hit Sigmund. You claw Sigmund. Your headbutt misses Sigmund.
Sigmund is heavily wounded.
Sigmund points at you and mumbles some strange words.
The puff of flame hits you!
You barely miss Sigmund. You claw Sigmund.
Your tail-slap misses Sigmund.
Sigmund is severely wounded.
Sigmund closely misses you.
You closely miss Sigmund.
Sigmund is severely wounded.
You hit Sigmund. You claw Sigmund.
Sigmund is almost dead.
Sigmund closely misses you.
You barely miss Sigmund. Your kick misses Sigmund.
You tail-slap Sigmund, but do no damage.
Sigmund is almost dead.
You hit Sigmund. Your kick misses Sigmund.
Sigmund is almost dead.
Sigmund closely misses you.
You closely miss Sigmund.
You tail-slap Sigmund, but do no damage.
Sigmund is almost dead.
Sigmund hits you with a +3 scythe!
Ouch! That really hurt!
You die...

#######.# ...
#.###(##
#......#
..######......#
..............#
...#..........#
.....####.....#
..#...........#
. #..#######@.#
#@.# #(...
#(#### #.# #.#
#.# #.#


You could see Sigmund.

Vanquished Creatures
  2 dart slugs (D:1)
  4 endoplasms
  4 giant cockroaches (D:1)
  3 goblins
  2 hobgoblins
  A kobold (D:1)
  2 quokkas (D:1)
  A frilled lizard (D:1)
  5 rats (D:1)
24 creatures vanquished.

Notes
Turn   | Place    | Note
-------+----------+-------------------------------------------
     0 | D:1      | ZARRMARR the Draconian Transmuter began the quest for the
                  | Orb.
     0 | D:1      | Reached XP level 1. HP: 16/16 MP: 3/3
   151 | D:1      | Reached XP level 2. HP: 23/23 MP: 5/5
   190 | D:1      | Found a faded altar of an unknown god.
   554 | D:1      | Reached skill level 4 in Unarmed Combat
   642 | D:2      | Reached XP level 3. HP: 28/28 MP: 4/6
   732 | D:2      | Noticed Sigmund
   744 | D:2      | Slain by Sigmund

Illustrated notes

Levels and vault maps discovered:
D:1:      mrwooster_arrival_arrow, layout_rooms,
          shapermc_ecumenical_altar_notcrosses
D:2:      layout_basic, uniq_sigmund

Skill      XL: |  1  2 |
---------------+-------+-----
Unarmed Combat | 4 |  4.0
Fighting       | |  1.1
Dodging        | |  1.7
Spellcasting   | |  2.0
Transmutations | |  2.3

Action                   || total
-------------------------++-------
Melee: Unarmed           ||    42
       Kick              ||     9
       Tailslap          ||     5
       Headbutt          ||     3
       Punch             ||     2
Throw: Javelin           ||    33
 Cast: Beastly Appendage ||     7
  Use: Scroll            ||     2
 Stab: Sleeping          ||     1
Armor: Skin              ||     7
Dodge: Dodged            ||    20
